Unix NetHack Version 5.0.0-0 post-release - last build May 17 2026 04:57:42 (dc50c8380fa5e20985bfe3072449f57b8d9895ef,branch:main).

Game began 2026-05-18 16:29:16, ended 2026-05-18 17:38:09.

Drastanta, lawful male human Samurai

   --------------------------------                    -------------------
    ..........^)..................|                    |.................|
   ## #...............*.....)...|.---------------------|.---------------.|
    *##**..[--------------------|......................|.|.......)....)..|
      ***##.0        |..........|.---------------------|.|.{)----..-------
       # 0*#*   .....|%.-------.|.-------------------- |.|...|---..-------
      * 0       .....|..|     |......................|--.----|...........|
       #        .....|..|     -----------------------|.......|---..-----.|
       #         ....|..------------------------------..------  |..|   |.|
       #          ...|......^...........................|       |..|   |.|
       #           .-|..------------------------------..---     |..----|.|
   ##  ############..|..|............................|....|     |(....||)|
   .*  #       $    .-..|..........................---....|     ---...||.|
   .*# c             |...........))..<....)).).....|...----       |^..||.|
   ####@*#           |..|...)).....................|...| ---      -----|.|
      *d#            |..----------------------------...---.-------------.|
                     |......................*..........|.................|
                     -----------------------------------------------------
Drastanta the Ninja    St:15 Dx:17 Co:18 In:10 Wi:9 Ch:7  Lawful
Dlvl:10 $:105 HP:0(73) Pw:27(27) AC:-8 Xp:8 T:3514  Stone

Latest messages:
 There are many objects here.
 e - a gray stone.
 You see here a gray stone.
 What do you want to call? [behjl-nqtwANPSUX-Z or ?*] ?
 Call a gray stone: One
 You see here a gray stone.
 Hachi picks up a rock.
 i - a gray stone.
 You start digging.
 You hit the rock with all your might.
 Hachi drops a rock.
 You succeed in cutting away some rock.
 You start digging.
 This wall is too hard to dig into.
 There are many objects here.
 You start digging.
 You hit the rock with all your might.
 Hachi picks up a rock.
 You succeed in cutting away some rock.
 Hachi drops a rock.
 This wall is too hard to dig into.
 You continue digging.
 This wall is too hard to dig into.
 a - a +0 katana (weapon in right hand).
 W - a pick-axe (alternate weapon; not wielded).
 You swap places with Hachi.
 You see here a rock.
 There are many objects here.
 Hachi picks up a rock.
 The chickatrice misses!
 The chickatrice touches you!
 You hit the chickatrice.
 You hit the chickatrice.
 You hit the chickatrice.
 You hit the chickatrice!
 The chickatrice misses!
 The chickatrice touches you!
 You hear the chickatrice's hissing!
 You are slowing down.
 You hit the chickatrice.
 Your limbs are stiffening.
 You hit the chickatrice.
 The chickatrice bites!
 The chickatrice misses!
 Your limbs have turned to stone.
 Hachi drops a rock.
 You have turned to stone.
 You are a statue.
 Do you want your possessions identified? [ynq] (y) y
 Do you want to see your attributes? [ynq] (y) q

Inventory:
 Coins    ('$')
  $ - 105 gold pieces
 Amulets  ('"')
  Z - a cursed amulet of change
 Weapons  (')')
  d - 30 +0 ya (in quiver)
  c - a +0 yumi
  M - a +0 dagger
  a - a +0 katana (weapon in right hand)
 Armor    ('[')
  u - an uncursed +0 elven leather helm (being worn)
  l - an uncursed +0 pair of gauntlets of dexterity (being worn)
  E - a blessed +5 dwarvish cloak (being worn)
  F - a cursed greased rotproof +2 gray dragon scale mail (being worn)
 Comestibles  ('%')
  g - 3 cursed gunyoki
  T - an uncursed sprig of wolfsbane
  f - 2 uncursed tripe rations
  x - an uncursed tin of broiled newt meat
  K - an uncursed lizard corpse
 Scrolls  ('?')
  h - a blessed scroll of confuse monster
  A - an uncursed scroll of enchant armor
  q - a blessed scroll of identify
  N - an uncursed scroll of light
  j - 2 uncursed scrolls of remove curse
  n - 2 uncursed scrolls of teleportation
 Potions  ('!')
  S - a cursed potion of acid
  P - an uncursed potion of full healing
  w - an uncursed potion of levitation
  X - an uncursed potion of object detection
  b - an uncursed potion of restore ability
  L - a blessed potion of sake
  U - an uncursed potion of water
 Wands    ('/')
  V - a wand of striking (0:6)
 Tools    ('(')
  v - an uncursed blindfold
  z - an uncursed blindfold
  O - an uncursed credit card
  Y - an uncursed magic lamp
  W - a +0 pick-axe (alternate weapon; not wielded)
  m - an uncursed tin whistle
  t - an uncursed tin whistle
  Q - a +0 unicorn horn
 Gems/Stones  ('*')
  e - an uncursed flint stone
  i - an uncursed luckstone

Drastanta the Samurai's attributes:

Background:
 You were a Ninja, a level 8 male human Samurai.
 You were lawful, on a mission for Amaterasu Omikami
 who was opposed by Raijin (neutral) and Susanowo (chaotic).
 You were right-handed.
 You were in the Gnomish Mines, on level 10.
 You entered the dungeon 3514 turns ago.
 There was a new moon in effect when your adventure ended.
 You had 1550 experience points, 1010 more were needed to attain level 9.

Basics:
 You had 0 out of 73 hit points.
 You had all 27 energy points (spell power).
 Your armor class was -8.
 Your wallet contained 105 zorkmids.
 Autopickup was off.

Final Characteristics:
 Your strength was 15 (limit:18/100).
 Your dexterity was 17 (limit:18).
 Your constitution was 18 (limit:18).
 Your intelligence was 10 (limit:18).
 Your wisdom was 9 (limit:18).
 Your charisma was 7 (limit:18).

Final Status:
 You turned into stone.
 You weren't hungry.
 You were unencumbered.
 You were wielding a long sword.
 You had basic skill with long sword and could have enhanced that.

Final Attributes:
 You were piously aligned.
 You were magic-protected.
 Your items were somewhat protected from fire.
 Your items were somewhat protected from cold.
 You were warded.
 You were lucky.
 You had extra luck.
 Bad luck did not time out for you.
 Good luck did not time out for you.
 You are dead.

Miscellaneous:
 You encountered 1 bones level.
 Total elapsed playing time was 1 hour, 8 minutes and 53 seconds.

Major events:
 Turn
    1: Drastanta the lawful male human Samurai entered the dungeon
  454: entered the Gnomish Mines
  607: attained the rank of Ronin (level 3)
 1123: reached Mine Town
 1159: attained the rank of Ninja (level 6)
 1688: found Demonbane on the floor
 3481: acquired the Mines' End luckstone
 3514: petrified by a chickatrice

You didn't know any spells.

Skills:
 Fighting Skills
   martial arts      [Basic]
   two weapon combat [Unskilled]
   riding            [Unskilled]
 Weapon Skills
   dagger            [Unskilled]
   knife             [Unskilled]
   short sword       [Basic]
   broadsword        [Unskilled]
   long sword        [Basic]
   two-handed sword  [Unskilled]
   saber             [Unskilled]
   flail             [Unskilled]
   quarterstaff      [Unskilled]
   polearms          [Unskilled]
   spear             [Unskilled]
   lance             [Unskilled]
   bow               [Basic]
   shuriken          [Unskilled]
 Spellcasting Skills
   attack spells     [Unskilled]
   divination spells [Unskilled]
   clerical spells   [Unskilled]

Voluntary challenges:
 Character rerolling was not enabled.
 You were illiterate.
 You never genocided any monsters.
 You never polymorphed an object.
 You never changed form.
 You used no wishes.
Achievements:
 You entered the Gnomish Mines.
 You attained the rank of Ronin.
 You entered Minetown.
 You attained the rank of Ninja.
 You entered a temple.
 You entered a shop.
 You completed the Gnomish Mines.

 The Dungeons of Doom: levels 1 to 2
    Level 1:
       Some fountains.
    Level 2:
       Some fountains.
       Stairs down to The Gnomish Mines.
 The Gnomish Mines: levels 3 to 10
    Level 3:
    Level 4:
    Level 5:
       A tool shop, a temple and an altar, some fountains.
    Level 6:
    Level 7:
       A grave.
       Final resting place for
          GdeVolpiano-Cav-Dwa-Fem-Law, killed by a quasit, while frozen by a floating eye's gaze.
    Level 8:
    Level 9:
    Level 10: <- You were here.
       A fountain.
       Final resting place for
          you, petrified by a chickatrice.


Vanquished creatures:
  a ghost
  a large dog
  a human mummy
  4 brown puddings
  a lizard
  2 chickatrices
  a gray unicorn
  a quasit
  a rock mole
  a shrieker
 15 gnome leaders
  6 gnomish wizards
  a gray ooze
  a floating eye
  2 dwarves
  5 monkeys
  a coyote
  4 hobbits
 57 gnomes
  6 garter snakes
  4 jackals
  2 foxes
  a goblin
  2 grid bugs
  a kobold zombie
  4 newts
126 creatures vanquished.

No species were genocided or became extinct.

Game over:
                       ----------
                      /          \
                     /    REST    \
                    /      IN      \
                   /     PEACE      \
                  /                  \
                  |    Drastanta     |
                  |      105 Au      |
                  |  petrified by a  |
                  |   chickatrice    |
                  |                  |
                  |                  |
                  |       2026       |
                 *|     *  *  *      | *
        _________)/\\_//(\/(/\)/\//\/|_)_______

Sayonara Drastanta the Samurai...

You turned to stone in The Gnomish Mines on dungeon level 10 with 6745 points,
and 105 pieces of gold, after 3514 moves.
You were level 8 with a maximum of 73 hit points when you turned to stone.

